 Dungeon Crawl Stone Soup version 0.22.0-32-gbc6daba (webtiles) character file.

173 iamserjio the Ruffian (level 5, -8/50 HPs)
             Began as a Troll Fighter on Aug 23, 2018.
             Killed by divine providence
             ... invoked by an orc priest
              (14 damage)
             ... on level 4 of the Dungeon.
             The game lasted 00:04:30 (603 turns).

iamserjio the Ruffian (Troll Fighter)                Turns: 603, Time: 00:04:30

Health: -8/50      AC:  5    Str: 24    XL:     5   Next: 28%
Magic:  4/4        EV:  8    Int:  5    God:
Gold:   42         SH:  8    Dex:  9    Spells: 4/4 levels left

rFire    . . .     SeeInvis .     - Unarmed
rCold    . . .     Gourm    +   b - +0 shield
rNeg     . . .     Faith    .   a - +0 robe
rPois    .         Spirit   .   (helmet restricted)
rElec    .         Reflect  .   (no cloak)
rCorr    .         Harm     .   (gloves unavailable)
MR       .....                  (boots unavailable)
Stlth    +.........             (no amulet)
HPRegen  0.56/turn              (no ring)
MPRegen  0.09/turn              (no ring)

@: no status effects
A: large, unfitting armour, claws 3, fast metabolism 3, gourmand, regeneration
1, shaggy fur 1, tough skin 2
a: no special abilities


You were on level 4 of the Dungeon.
You were hungry.

You visited 1 branch of the dungeon, and saw 4 of its levels.

You collected 42 gold pieces.

Inventory:

Armour
 a - a +0 robe (worn)
 b - a +0 shield (worn)
Scrolls
 e - 2 scrolls of enchant weapon {unknown}
 f - a scroll of fear {unknown}
 i - 2 scrolls of identify {unknown}
 k - a scroll of teleportation {unknown}
 m - a scroll of remove curse {unknown}
Potions
 c - a potion of might
 g - a potion of brilliance {unknown}
 h - a potion of curing {unknown}
 j - a potion of haste {unknown}
 l - a potion of flight {unknown}
Comestibles
 d - 4 rations


   Skills:
 - Level 2.4 Fighting
 - Level 2.4 Dodging
 - Level 2.4 Shields
 + Level 5.6 Unarmed Combat


You had 4 spell levels left.
You didn't know any spells.
Your spell library was empty.

Dungeon Overview and Level Annotations

Branches:
Dungeon (4/15)
 Temple: D:4-7

Altars:


Innate Abilities, Weirdness & Mutations

You are too large for most types of armour.
You have claws for hands.
Your metabolism is lightning-fast.
You like to eat raw meat.
Your natural rate of healing is unusually fast.
You are covered in fur. (AC +1)
You have very tough skin. (AC +2)


Message History

The orc priest is almost dead.
The orc priest barely misses you.
You completely miss the orc priest.
The orc priest is almost dead.
The orc priest invokes the aid of Beogh against you.
Pain shoots through your body!
* * * LOW HITPOINT WARNING * * *
You closely miss the orc priest.
The orc priest is almost dead.
The orc priest barely misses you.
You closely miss the orc priest.
The orc priest is almost dead.
The orc priest calls down the wrath of Beogh upon you.
Pain shoots through your body!
* * * LOW HITPOINT WARNING * * *
You closely miss the orc priest.
The orc priest is almost dead.
The orc priest mumbles some strange prayers to Beogh against you.
Beogh smites you!
You die...

#### #.. #.#
#†# #@# #
#.#####o#.#.##
#......<.....#
..#######.####
... #.# .# #


You could see an orc priest.

Vanquished Creatures
  2 orc wizards
  4 gnolls (D:2)
  2 adders
  A worm (D:2)
  A dart slug (D:1)
  5 orcs
  A giant cockroach (D:1)
  5 goblins
  7 hobgoblins
  8 jackals
  2 kobolds (D:1)
  8 bats
  2 frilled lizards
  3 rats
51 creatures vanquished.

Notes
Turn   | Place    | Note
-------+----------+-------------------------------------------
     0 | D:1      | iamserjio the Troll Fighter began the quest for the Orb.
     0 | D:1      | Reached XP level 1. HP: 22/22 MP: 0/0
    87 | D:1      | Reached XP level 2. HP: 29/29 MP: 1/1
    95 | D:1      | Reached skill level 3 in Unarmed Combat
   317 | D:2      | Reached XP level 3. HP: 34/36 MP: 2/2
   393 | D:2      | Reached skill level 4 in Unarmed Combat
   409 | D:2      | Reached XP level 4. HP: 27/44 MP: 3/3
   549 | D:3      | Reached skill level 5 in Unarmed Combat
   549 | D:3      | Reached XP level 5. HP: 35/50 MP: 4/4
   603 | D:4      | Killed from afar by an orc priest

Skill      XL: |  1  2  3  4 |
---------------+-------------+-----
Unarmed Combat | 3 4 5 |  5.6
Fighting       | |  2.4
Dodging        | |  2.4
Shields        | |  2.4

Action                   |  1- 3 |  4- 6 || total
-------------------------+-------+-------++-------
Melee: Unarmed           |    97 |    58 ||   155
  Use: Potion            |     1 |       ||     1
 Stab: Sleeping          |     1 |       ||     1
  Eat: Chunk             |       |     2 ||     2
Armor: Robe              |    34 |    11 ||    45
Dodge: Dodged            |    35 |    11 ||    46
Block: Shield            |    41 |    24 ||    65
